 Dungeon Crawl Stone Soup version 0.30-a0-149-g7f746667c4 (webtiles) character file.

Game seed: 6958472501453436764

4563 pokeman the Thaumaturge (level 10, -3/54 (56) HPs)
             Began as a Deep Elf Hedge Wizard on Sept 26, 2022.
             Was a Priest of Vehumet.
             Slain by a wight
             ... wielding a +0 war axe
              (5 damage)
             ... on level 8 of the Dungeon.
             The game lasted 00:21:06 (9206 turns).

pokeman the Thaumaturge (Deep Elf Hedge Wizard)     Turns: 9206, Time: 00:21:06

HP:   -3/54 (56)    AC:  9    Str:  7    XL:     10   Next: 18%
MP:   0/28          EV: 10    Int: 24    God:    Vehumet [***...]
Gold: 530           SH:  0    Dex: 14    Spells: 16/34 levels left

rFire   . . .      SeeInvis .    K - +3 flail (drain)
rCold   . . .      Faith    .    (no shield)
rNeg    . . .      Spirit   .    O - +2 ring mail {rPois}
rPois   +          Reflect  .    F - +1 hat of the Catfish {rCorr}
rElec   .          Harm     .    (no cloak)
rCorr   +          Rampage  .    (no gloves)
Will    +....                    N - +0 pair of boots
Stlth   ++........               v - amulet of regeneration
HPRegen 0.98/turn                h - +4 ring of slaying
MPRegen 0.21/turn                s - ring of wizardry

@: lethally poisoned (-3 -> -6), lightly drained
A: no striking features
a: Renounce Religion


You were on level 8 of the Dungeon.
You worshipped Vehumet.
Vehumet was most pleased with you.
You visited 2 branches of the dungeon, and saw 11 of its levels.
You also visited: Sewer.

You collected 530 gold pieces.

Inventory:

Hand Weapons
 K - a +3 flail of draining (weapon)
Armour
 C - an orb of light
 F - the +1 hat of the Catfish (worn) {rCorr}
   (You found it on level 5 of the Dungeon)

   rCorr:     It protects you from acid and corrosion.
 N - a +0 pair of boots (worn)
 O - a +2 ring mail of poison resistance (worn)
 P - +0 ice dragon scales
Magical Staves
 G - a staff of earth
Jewellery
 h - a +4 ring of slaying (left hand)
 s - a ring of wizardry (right hand)
 v - an amulet of regeneration (around neck)
 E - a +4 ring of evasion
Wands
 b - a wand of flame (25)
 H - a wand of light (6)
 L - a wand of mindburst (12)
Scrolls
 a - 2 scrolls of noise {unknown}
 c - 2 scrolls of torment {unknown}
 f - 8 scrolls of identify {unknown}
 i - 7 scrolls of teleportation {unknown}
 j - 3 scrolls of immolation {unknown}
 k - 3 scrolls of fear {unknown}
 l - 2 scrolls of magic mapping {unknown}
 n - a scroll of silence {unknown}
 p - 2 scrolls of vulnerability {unknown}
 r - 4 scrolls of blinking
 t - a scroll of enchant armour {unknown}
 u - 3 scrolls of enchant weapon {unknown}
 x - a scroll of summoning {unknown}
 y - a scroll of brand weapon {unknown}
 A - 3 scrolls of amnesia {unknown}
 B - 2 scrolls of fog {unknown}
 D - a scroll of poison {unknown}
Potions
 d - a potion of magic
 e - 3 potions of resistance {unknown}
 g - 2 potions of attraction {unknown}
 m - 2 potions of flight {unknown}
 o - 5 potions of curing {unknown}
 q - 2 potions of invisibility {unknown}
 w - a potion of mutation {unknown}
 z - 3 potions of degeneration {unknown}
 I - a potion of ambrosia {unknown}
 J - 3 potions of heal wounds {unknown}
 M - a potion of haste {unknown}


   Skills:
 - Level 4.0 Fighting
 + Level 3.1 Armour
 - Level 3.1 Dodging
 - Level 3.0 Stealth
 * Level 12.9 Spellcasting
 + Level 7.2 Conjurations
 - Level 1.3 Hexes
 - Level 1.1 Summonings
 + Level 7.0 Necromancy
 - Level 1.1 Translocations
 - Level 1.0 Air Magic
 - Level 1.1 Earth Magic
 - Level 1.0 Poison Magic


You had 16 spell levels left.
You knew the following spells:

 Your Spells              Type           Power      Damage    Failure   Level
a - Magic Dart            Conj           100%       1d8       1%          1
b - Mephitic Cloud        Conj/Pois/Air  30%        N/A       1%          3
c - Call Imp              Summ           20%        N/A       4%          2
d - Blink                 Tloc           40%        N/A       4%          2
e - Cigotuvi's Dreadful   Necr/Pois/Air  60%        N/A       2%          2
f - Stone Arrow           Conj/Erth      70%        3d11      1%          3
g - Slow                  Hex            88%        N/A       2%          1
h - Shock                 Conj/Air       100%       1d9       1%          1
i - Swiftness             Air            20%        N/A       10%         3

Your spell library contained the following spells:

 Spells                   Type           Power      Damage    Failure   Level
 Inner Flame              Hex/Fire       18%        N/A       3%          3
 Sandblast                Erth           42%        2d11      1%          1
 Dazzling Flash           Conj/Hex       72%        N/A       1%          3
 Passwall                 Tmut/Erth      15%        N/A       6%          2
 Agony                    Necr           49%        N/A       8%          5
 Airstrike                Air            10%        2d(2-18)  10%         4
 Silence                  Hex/Air        10%        N/A       61%         5


Dungeon Overview and Level Annotations

Branches:
Dungeon (10/15)            Temple (1/1) D:4            Lair (0/5) D:9
  Sewer (visited)
    Orc: D:9-12

Altars:
Ashenzari
Dithmenos
Kikubaaqudgha
Okawaru
Qazlal
Sif Muna
Vehumet
Jiyva

Shops:
D:5 :


Message History

Casting: Stone Arrow (safe; 1% risk of failure)
Confirm with . or Enter, or press ? or * to list all spells.
Aiming: Stone Arrow (safe; 1% risk of failure)
Press: ? - help, Shift-Dir - straight line, f/p - hornet
Aim: a hornet (almost dead, 60% to hit)
The stone arrow misses the hornet.
You feel yourself speed up.
You feel very sick. The hornet closely misses you.
The wight hits you but does no damage. The hornet stings you.
You are more poisoned.
The wight closely misses you.
Casting: Stone Arrow (safe; 1% risk of failure)
Confirm with . or Enter, or press ? or * to list all spells.
Aiming: Stone Arrow (safe; 1% risk of failure)
Press: ? - help, Shift-Dir - straight line, f - wight, p - hornet
Aim: a wight, wielding a +0 war axe and wearing a +0 robe (74% to hit)
The stone arrow hits the wight!
The wight is severely damaged.
You feel very sick.
The hornet stings you but does no damage.
The wight hits you with a +0 war axe!
You feel drained.
Casting: Stone Arrow (safe; 1% risk of failure)
Confirm with . or Enter, or press ? or * to list all spells.
Aiming: Stone Arrow (safe; 1% risk of failure)
Press: ? - help, Shift-Dir - straight line, f/p - wight
Aim: a wight, wielding a +0 war axe and wearing a +0 robe (severely damaged, 74% to hit)
The stone arrow misses the wight.
You feel very sick. The hornet stings you!
* * * LOW HITPOINT WARNING * * *
The hornet stings you!
* * * LOW HITPOINT WARNING * * *
Casting: Stone Arrow (safe; 1% risk of failure)
Confirm with . or Enter, or press ? or * to list all spells.
You don't have enough magic to cast this spell.
* * * LOW HITPOINT WARNING * * *
You feel very sick. The hornet closely misses you.
The wight hits you with a +0 war axe.
You die...

..####.####### ### #.# #.#
# #.#######. ..
.#####......... ...
.........#####. z...
.........# ._..#
#####....############.....#
##.....<....@y.).)....#
###........zz........#
####################


You could see a hornet and 2 wights.

Vanquished Creatures
  A troll (D:9)
  2 steam dragons
  Edmund (D:6)
  3 water moccasins
  2 orc warriors (D:8)
  3 ice beasts
  4 sky beasts
  A black bear (D:6)
  3 ogres
  3 centaurs
  A kobold brigand (D:8)
  2 bullfrogs
  2 necrophages
  2 scorpions
  7 wights
  5 killer bees (D:8)
  An electric eel (D:5)
  2 howler monkeys
  A gnoll bouda (D:7)
  6 jellies
  3 hounds
  A quasit (D:5)
  4 orc priests
  5 iguanas
  6 orc wizards
  8 gnolls
  14 adders
  3 white imps
  An ufetubus (D:5)
  3 worms
  2 dart slugs
  11 orcs
  12 ball pythons
  16 endoplasms
  12 giant cockroaches
  9 goblins
  6 hobgoblins
  3 jackals (D:2)
  6 quokkas
  7 bats
  8 frilled lizards
  15 kobolds
  4 rats
211 creatures vanquished.

Vanquished Creatures (collateral kills)
  3 orcs (D:4)
3 creatures vanquished.

Vanquished Creatures (others)
  3 electric eels (D:5)
  5 demonic plants (D:5)
  2 plants (D:5)
10 creatures vanquished.

Grand Total: 224 creatures vanquished

Notes
Turn   | Place    | Note
-------+----------+-------------------------------------------
     0 | D:1      | pokeman the Deep Elf Hedge Wizard began the quest for the
                  | Orb.
     0 | D:1      | Reached XP level 1. HP: 10/10 MP: 7/7
   327 | D:1      | Found a faded altar of an unknown god.
   484 | D:1      | Reached XP level 2. HP: 13/16 MP: 2/9
  1231 | D:2      | Reached skill level 5 in Spellcasting
  1337 | D:2      | Reached skill level 1 in Fighting
  1337 | D:2      | Reached skill level 1 in Armour
  1337 | D:2      | Reached XP level 3. HP: 20/20 MP: 1/11
  1348 | D:2      | Learned a level 3 spell: Mephitic Cloud
  1351 | D:2      | Learned a level 2 spell: Blink
  1353 | D:2      | Learned a level 1 spell: Slow
  1356 | D:2      | Learned a level 2 spell: Call Imp
  1359 | D:2      | Learned a level 2 spell: Cigotuvi's Dreadful Rot
  1562 | D:2      | Reached XP level 4. HP: 25/25 MP: 7/13
  2200 | D:3      | Reached skill level 6 in Spellcasting
  2499 | D:3      | Reached XP level 5. HP: 23/29 MP: 2/15
  3007 | D:4      | Found a staircase to the Ecumenical Temple.
  3019 | Temple   | Entered the Ecumenical Temple
  3056 | Temple   | Became a worshipper of Vehumet
  3241 | D:4      | Reached skill level 1 in Poison Magic
  3559 | D:4      | Noticed an ogre
  3576 | D:4      | Killed an ogre
  3577 | D:4      | Reached skill level 1 in Hexes
  3577 | D:4      | Reached skill level 1 in Air Magic
  3577 | D:4      | Reached XP level 6. HP: 34/34 MP: 9/17
  3598 | D:4      | Reached skill level 7 in Spellcasting
  3959 | D:5      | Entered Level 5 of the Dungeon
  3997 | D:5      | Reached skill level 1 in Necromancy
  4108 | D:5      | Reached XP level 7. HP: 38/39 MP: 11/20
  4185 | D:5      | Found a transporter.
  4206 | D:5      | Identified the +1 hat of the Catfish {rCorr}
  4326 | D:5      | Reached skill level 8 in Spellcasting
  4491 | D:5      | Reached * piety under Vehumet
  4491 | D:5      | Offered knowledge of Shock by Vehumet.
  4581 | D:5      | Learned a level 1 spell: Shock
  4768 | D:5      | Found a transporter.
  4769 | D:5      | Found Zixaepre's Vocational Training.
  5180 | D:6      | Found an ancient bone altar of Kikubaaqudgha.
  5252 | D:6      | Noticed Edmund
  5312 | D:6      | Reached XP level 8. HP: 33/44 MP: 22/22
  5339 | D:6      | Reached skill level 9 in Spellcasting
  5418 | D:6      | Found a glowing drain.
  5422 | Sewer    | Entered a sewer
  5647 | Sewer    | Offered knowledge of Poisonous Vapours by Vehumet.
  5671 | Sewer    | Reached ** piety under Vehumet
  6041 | Sewer    | Learned a level 3 spell: Stone Arrow
  6211 | D:6      | Reached skill level 5 in Conjurations
  6211 | D:6      | Reached skill level 1 in Earth Magic
  6239 | D:6      | Reached skill level 10 in Spellcasting
  6302 | D:6      | Killed Edmund
  6543 | D:6      | Offered knowledge of Kindle Blastsparks by Vehumet.
  6547 | D:6      | Reached skill level 5 in Necromancy
  6547 | D:6      | Reached XP level 9. HP: 49/49 MP: 17/25
  6980 | D:7      | Reached skill level 11 in Spellcasting
  7708 | D:7      | Learned a level 3 spell: Swiftness
  8081 | D:7      | Reached *** piety under Vehumet
  8224 | D:8      | You fall into a shaft and drop 2 floors!
  8224 | D:10     | Entered Level 10 of the Dungeon
  8317 | D:9      | Noticed a troll
  8326 | D:9      | Killed a troll
  8327 | D:9      | Reached skill level 12 in Spellcasting
  8434 | D:9      | Found a staircase to the Lair.
  8551 | D:8      | Found a shadowy altar of Dithmenos.
  8717 | D:8      | Reached XP level 10. HP: 46/56 MP: 19/28
  8773 | D:8      | Offered knowledge of Inner Flame by Vehumet.
  9193 | D:8      | Found a viscous altar of Jiyva.
  9206 | D:8      | HP: 2/54 [poisoned by a hornet]
  9206 | D:8      | Slain by a wight

Illustrated notes

Levels and vault maps discovered:
D:1:      spicycebolla_green_bress_n_ham, layout_loops_corners, serial_glass,
          glass_columns_a, glass_columns_b, glass_columns_a, glass_columns_c,
          glass_columns_a, glass_columns_c, ebering_ecumenical_altar_webs
D:2:      layout_rooms, minmay_cupped
D:3:      minmay_door_path, layout_rooms
D:4:      layout_basic, minmay_temple_entry_junction_2
D:5:      gammafunk_steamed_eel, layout_loops_ring, serial_demonic,
          serial_demonic_g, serial_demonic_c, serial_demonic_b,
          serial_demonic_f, nicolae_shop_vocational
D:6:      layout_cave_pools, mainiacjoe_overflow_paths, gup_sewer_entry_bowl,
          nicolae_zen_rock_garden, uniq_edmund
D:7:      layout_cave_pods, grunt_tough_drop
D:8:      layout_loops_ring, fedhas_altar_decomposition, marbit_many_paths,
          mainiacjoe_overflow_catwalk, jiyva_altar_1
D:9:      minmay_skewed_foursquare, layout_basic, lemuel_round_altar,
          amcnicky_mini_pool_small
D:10:     minmay_the_grid_octo_triangle [minmay_the_grid_octo_77,
          minmay_the_grid_octo_prize_star,
          minmay_the_grid_octo_tetromino_candy], layout_layer_cave,
          kennysheep_little_box, serial_shops, shop
Temple:   nicolae_temple_elliptical

Skill      XL: |  1  2  3  4  5  6  7  8  9 10 |
---------------+-------------------------------+-----
Spellcasting   | 5 6 7 8 10 12 | 12.9
Fighting       | 1 2 3 4 |  4.0
Armour         | 1 3 |  3.1
Conjurations   | 2 3 4 5 7 |  7.2
Stealth        | 3 |  3.0
Dodging        | 3 |  3.1
Poison Magic   | 1 |  1.0
Hexes          | 1 |  1.3
Air Magic      | 1 |  1.0
Necromancy     | 1 3 5 6 7 |  7.0
Earth Magic    | 1 |  1.1
Summonings     | |  1.1
Translocations | |  1.1

Action                   |  1- 3 |  4- 6 |  7- 9 | 10-12 || total
-------------------------+-------+-------+-------+-------++-------
Melee: Flail             |       |       |     3 |     1 ||     4
 Fire: Sling             |    11 |    33 |    34 |       ||    78
 Cast: Magic Dart        |    62 |   139 |   147 |    15 ||   363
       Mephitic Cloud    |       |     7 |    14 |       ||    21
       Call Imp          |       |     3 |       |       ||     3
       Blink             |       |     1 |     2 |       ||     3
       Shock             |       |       |    33 |       ||    33
       Stone Arrow       |       |       |    85 |    27 ||   112
       Slow              |       |       |       |     1 ||     1
 Stab: Confused          |       |       |     2 |       ||     2
Armor: Robe              |     3 |     8 |       |       ||    11
       Leather armour    |       |       |     7 |       ||     7
       Ring mail         |       |       |     7 |     5 ||    12
Dodge: Dodged            |     5 |    40 |    46 |     7 ||    98

Table legend: (Time is in decaauts)
 A = Elapsed time spent in this place.
 B = Non-inter-level travel time spent in this place.
 C = Inter-level travel time spent in this place.
 D = Time resting spent in this place.
 E = Time spent auto-exploring this place.
 F = Levels seen in this place.
 G = Mean time per level.
                   A        B        C        D        E       F      G
               +--------+--------+--------+--------+--------+-----+--------+
         Total |   9308 |   9044 |    264 |    288 |   7374 |  12 |  775.7 |
       Dungeon |   8561 |   8307 |    254 |    288 |   6802 |  10 |  856.1 |
        Temple |     48 |     38 |     10 |      0 |     25 |   1 |   48.0 |
         Sewer |    697 |    697 |      0 |      0 |    546 |   1 |  697.0 |
               +--------+--------+--------+--------+--------+-----+--------+

Top non-repeatable levels by time:
     D:7: 1277 daAuts
     D:5: 1233 daAuts
     D:4: 1169 daAuts
     D:6: 1145 daAuts
     D:3: 964 daAuts
     D:1: 905 daAuts
     D:2: 879 daAuts
   Sewer: 697 daAuts
     D:8: 551 daAuts
     D:9: 375 daAuts
    D:10: 60 daAuts
  Temple: 48 daAuts
